 Dungeon Crawl Stone Soup version 0.31-a0-256-g80acddb972 (webtiles) character file.

Game seed: 1659575198163279545

155 qw the Shooter (level 5, 0/45 HPs)
             Began as a Minotaur Hexslinger on July 12, 2023.
             Slain by an adder (1 damage)
             ... on level 3 of the Dungeon.
             The game lasted 00:00:50 (1944 turns).

qw the Shooter (Minotaur Hexslinger)                Turns: 1944, Time: 00:00:51

Health: 0/45       AC:  5    Str: 12    XL:     5   Next: 14%
Magic:  5/5        EV: 11    Int: 10    God:
Gold:   84         SH:  0    Dex: 15    Spells: 5/6 levels left

rFire   + . .        Y - +1 sling
rCold   . . .        (no shield)
rNeg    . . .        h - +0 ring mail
rPois   .            (helmet restricted)
rElec   .            (no cloak)
rCorr   .            (no gloves)
SInv    .            (no boots)
Will    .....        (no amulet)
Stlth   +            c - ring of protection from fire
HPRegen 0.27/turn    (no ring)
MPRegen 0.09/turn

%: no passive effects
@: lethally poisoned (0 -> -2)
A: horns 2, retaliatory headbutt
a: no special abilities


You were on level 3 of the Dungeon.
You visited 1 branch of the dungeon, and saw 3 of its levels.

You collected 106 gold pieces.
You spent 22 gold pieces at shops.


Innate Abilities, Weirdness & Mutations

You have a pair of horns on your head.
You reflexively headbutt those who attack you in melee.


   Skills:
 - Level 3.0 Fighting
 + Level 5.2 Ranged Weapons
 - Level 1.0 Armour
 - Level 2.1 Dodging
 - Level 1.0 Spellcasting
 - Level 2.0 Hexes


You had 5 spell levels left.
You knew the following spells:

 Your Spells              Type           Power      Damage    Failure   Level
a - Slow                  Hex            16%        N/A       34%         1

Your spell library contained the following spells:

 Spells                   Type           Power      Damage    Failure   Level
 Inner Flame              Hex/Fire       2%         N/A       83%         3
 Portal Projectile        Hex/Tloc       4%         N/A       83%         3
 Cause Fear               Hex            2%         N/A       98%         4

Inventory:

Hand Weapons
 Y - a +1 sling (weapon)
Armour
 h - a +0 ring mail (worn)
Jewellery
 c - a ring of protection from fire (left hand)
Scrolls
 a - a scroll of revelation {unknown}
 e - a scroll of amnesia {unknown}
Potions
 b - a potion of heal wounds {unknown}
 d - a potion of enlightenment {unknown}
 f - a potion of might {unknown}
 g - a potion of curing {unknown}
 j - a potion of degeneration {unknown}
 k - a potion of haste {unknown}

Dungeon Overview and Level Annotations

Branches:
Dungeon (3/15)

Altars:

Shops:
D:1 :*[*:


Message History

The gnoll shouts!
The sling bullet hits the gnoll!
The gnoll is severely wounded.
The gnoll hits you with a +0 flail of holy wrath.
You shoot a sling bullet. The sling bullet hits the gnoll.
The gnoll is severely wounded.
The gnoll hits you with a +0 flail of holy wrath.
You shoot a sling bullet.
The sling bullet barely misses the gnoll.
The gnoll hits you with a +0 flail of holy wrath.
An adder comes into view.
The gnoll hits you with a +0 flail of holy wrath!
You shoot a sling bullet.
The sling bullet barely misses the gnoll.
The adder hisses angrily.
The gnoll hits you with a +0 flail of holy wrath!
You shoot a sling bullet.
The sling bullet closely misses the gnoll.
The gnoll hits you from afar with a +0 spear!
The gnoll closely misses you. You furiously retaliate!
You headbutt the gnoll!
You kill the gnoll!
You shoot a sling bullet.
The sling bullet hits the gnoll but does no damage.
The gnoll hits you from afar with a +0 spear. x2
1941 ||| Stepping ~*~*~tactically~*~*~ (outnumbered).
You shoot a sling bullet.
The sling bullet closely misses the gnoll.
The gnoll barely misses you. The adder misses you. You furiously retaliate!
You headbutt the adder. You shoot a sling bullet.
The sling bullet barely misses the adder.
The adder bites you.
You are poisoned.
The adder poisons you!
The gnoll hits you from afar with a +0 spear.
You shoot a sling bullet.
The sling bullet closely misses the adder.
You feel sick. The adder misses you. The gnoll hits you but does no damage.
The adder bites you.
You die...

#.# ... #.# ##.. P. 77
#.# ..7 P.7.7 #.#
7P777.P.7 7
#.####777.P.7..P77 P.
##.....77..PP7P...7.7..
##.#####PP7P..77......7
##.#?## #7.7..7Sg7
#.###.#####.%...@7.......
.## ##....7.77.P.7PS.#...
#.###.##....7777..7.¤¤¤ .
##.#.###....P77..P.P¤¤¤#
##.## ###....P7.P.77PP..
#.# ###PP.77.P7 7.77 #.#
##.7


7P¤ .. .P7 #.# ..# ¤P7 ...... #.# .# ..... You could see a gnoll and an adder.

Vanquished Creatures
  A scorpion (D:2)
  2 adders (D:2)
  A gnoll (D:3)
  2 worms
  2 dart slugs
  5 endoplasms
  2 giant cockroaches
  8 goblins
  3 hobgoblins
  4 jackals (D:1)
  5 kobolds
  2 quokkas (D:3)
  5 ball pythons
  8 bats
  4 rats (D:1)
54 creatures vanquished.

Notes
Turn   | Place    | Note
-------+----------+-------------------------------------------
     0 | D:1      | qw the Minotaur Hexslinger began the quest for the Orb.
     0 | D:1      | Reached XP level 1. HP: 16/16 MP: 1/1
     0 | D:1      | 0 ||| qw: Version: 0.3-a-52-g30416fa
     0 | D:1      | 0 ||| qw: Game counter: 6763
     0 | D:1      | 0 ||| qw: Melee chars always use a shield: true
     0 | D:1      | 0 ||| qw: God list: Okawaru
     0 | D:1      | 0 ||| qw: Allow faded altars: false
     0 | D:1      | 0 ||| qw: Do Orc after clearing Dungeon:15 true
     0 | D:1      | 0 ||| qw: Do second Lair branch before Depths: true
     0 | D:1      | 0 ||| qw: Lair rune preference: random
     0 | D:1      | 0 ||| qw: Goals: Normal
     0 | D:1      | 0 ||| PLANNING D:1-11
    54 | D:1      | Found Luchug's Book Shop.
    86 | D:1      | Reached skill level 3 in Ranged Weapons
    86 | D:1      | Reached XP level 2. HP: 12/23 MP: 2/2
   166 | D:1      | Found Tyuxiolo's Antique Armour Boutique.
   186 | D:1      | 186 ||| SHOPLISTING leather armour (46 gold, have 32).
   186 | D:1      | 186 ||| SHOPLISTING ring mail (92 gold, have 32).
   191 | D:1      | Found Ququgamu's Assorted Antiques.
   203 | D:1      | 203 ||| SHOPLISTING 2 orange potions (45 gold, have 32).
   203 | D:1      | 203 ||| BUYING black potion (22 gold).
   203 | D:1      | Bought a black potion for 22 gold pieces
   203 | D:1      | 203 ||| SHOPLISTING cloak (112 gold, have 10).
   203 | D:1      | 203 ||| SHOPLISTING purple potion (22 gold, have 10).
   203 | D:1      | 203 ||| SHOPLISTING ring mail (100 gold, have 10).
   203 | D:1      | 203 ||| SHOPLISTING scroll labelled VUNWOC NIXUWIE (25
                  | gold, have 10).
   203 | D:1      | 203 ||| SHOPLISTING yellow potion (22 gold, have 10).
   266 | D:1      | Found Xeufubb's Assorted Antiques.
   278 | D:1      | 278 ||| SHOPLISTING murky clear potion (22 gold, have 10).
   278 | D:1      | 278 ||| SHOPLISTING murky white potion (22 gold, have 10).
   278 | D:1      | 278 ||| SHOPLISTING orcbow (87 gold, have 10).
   278 | D:1      | 278 ||| SHOPLISTING ring mail (100 gold, have 10).
   278 | D:1      | 278 ||| SHOPLISTING scroll labelled LOILYVE OPSOCH (25
                  | gold, have 10).
   297 | D:1      | Found Elie's Vocational Training.
   309 | D:1      | Reached XP level 3. HP: 28/29 MP: 3/3
   759 | D:1      | 759 ||| UPGRADING to +0 ring mail.
   769 | D:1      | 769 ||| DROPPING +0 robe.
   770 | D:1      | 770 ||| READING scroll labelled BAEXOAPEOL.
   771 | D:1      | 771 ||| READING scroll labelled GOEVYE GAYLUN.
   772 | D:1      | 772 ||| DROPPING scroll of poison.
   812 | D:2      | Noticed a scorpion
   821 | D:2      | Killed a scorpion
   822 | D:2      | Reached skill level 5 in Ranged Weapons
   822 | D:2      | Reached XP level 4. HP: 12/36 MP: 4/4
   823 | D:2      | 823 ||| FLEEEEING.
   828 | D:2      | 828 ||| STAIRDANCE
  1036 | D:2      | Reached skill level 1 in Armour
  1394 | D:2      | Reached XP level 5. HP: 40/44 MP: 5/5
  1535 | D:2      | 1535 ||| UPGRADING to ring of protection from fire.
  1536 | D:2      | 1536 ||| READING scroll labelled FOENE IHEU.
  1537 | D:2      | 1537 ||| READING scroll labelled ZOESIC MEGI.
  1612 | D:2      | 1612 ||| READING 2 scrolls labelled TOGUISK ARUSUY.
  1613 | D:2      | 1613 ||| DRINKING 2 fizzy red potions.
  1718 | D:2      | 1718 ||| DROPPING scroll of immolation.
  1719 | D:2      | 1719 ||| DROPPING potion of berserk rage.
  1932 | D:3      | Reached skill level 3 in Fighting
  1939 | D:3      | HP: 8/45 [gnoll/+0 spear (8)]
  1941 | D:3      | 1941 ||| Stepping ~*~*~tactically~*~*~ (outnumbered).
  1943 | D:3      | HP: 2/45 [gnoll/+0 spear (2)]
  1944 | D:3      | Slain by an adder

Levels and vault maps discovered:
D:1:      psy_arrival_basics, layout_basic, serial_shops,
          nicolae_shop_just_a_little_nook, nicolae_shop_overgrown_old_shop,
          shop, shop, roderic_roman_lattice, nicolae_shop_vocational
D:2:      layout_loops_ring
D:3:      wad_woods_stonehenge, layout_loops_corners, serial_bayou_pond_e,
          minmay_misc_feat_roman, st_stairs_10

Skill      XL: |  1  2  3  4  5 |
---------------+----------------+-----
Ranged Weapons | 3 5 |  5.2
Fighting       | 2 3 |  3.0
Armour         | 1 |  1.0
Dodging        | |  2.1
Spellcasting   | |  1.0
Hexes          | |  2.0

Action                     |  1- 3 |  4- 6 || total
---------------------------+-------+-------++-------
   Fire: Sling             |    99 |    89 ||   188
    Use: Scroll            |     2 |     3 ||     5
         Potion            |       |     1 ||     1
 Armour: Robe              |     9 |       ||     9
         Ring mail         |     2 |    21 ||    23
  Dodge: Dodged            |    25 |    46 ||    71

Table legend:
 A = Non-vault XP
 B = Vault XP
 C = Vault XP percentage of total XP
 D = Non-vault monster count
 E = Vault monster count
 F = Vault count percentage of total count
                 A         B        C        D         E       F
            +---------+---------+-------+---------+---------+-------
      Total |     203 |      19 |   8.6 |      50 |       4 |   7.4
            +---------+---------+-------+---------+---------+-------
        D:1 |      52 |       0 |   0.0 |      30 |       0 |   0.0
        D:2 |     146 |       0 |   0.0 |      19 |       0 |   0.0
        D:3 |       5 |      19 |  79.2 |       1 |       4 |  80.0
            +---------+---------+-------+---------+---------+-------
